Map: Port Aleksander LE

Players

MiuGu - Winner!

  • Race: Zerg Zerg
  • League: Platinum
  • Spawn Location: 11:00

Jeancharles

  • Race: Terran Terran
  • League: Platinum
  • Spawn Location: 5:00

VOD

Have the link to the VOD?

Description

Time

  • Played on: April 25, 2019, 1:05 p.m.
  • Length: 17:16
Show
View Real Time Build Order
Export as new Build Order

MiuGu Zerg - Winner!

Build Orders: Hatch First 

Get SALT Encoding   

  12  0:01  Drone  
  13  0:12  Overlord  
  13  0:18  Drone  
  15  0:35  Drone  
  15  0:36  Drone x2  
  17  0:54  Hatchery  
  16  0:58  Drone  
  17  1:05  Drone  
  18  1:12  Extractor  
  17  1:19  Spawning Pool  
  17  1:22  Drone  
  17  1:24  Drone  
  18  1:30  Drone  
  19  1:44  Overlord  
  19  2:07  Queen x2  
  24  2:08  Zergling x4  
  24  2:13  Metabolic Boost  
  25  2:19  Drone x2  
  25  2:20  Drone  
  28  2:30  Drone x2  
  30  2:39  Drone x2  
  32  2:52  Hatchery  
  32  2:57  Overlord  
  31  2:59  Drone x2  
  33  3:06  Queen  
  35  3:28  Drone x5  
  40  3:39  Overlord  
  40  3:40  Drone x4  
  44  3:51  Overlord  
  44  3:56  Queen x2  
  44  3:57  Drone x4  
  52  4:06  Queen  
  54  4:18  Drone x4  
  54  4:19  Drone  
  54  4:22  Drone x2  
  61  4:27  Spore Crawler  
  61  4:28  Spore Crawler  
  59  4:44  Queen x3  
  65  4:58  Zergling x2  
  65  4:59  Overlord x4  
  66  5:10  Evolution Chamber  
  66  5:12  Evolution Chamber  
  66  5:14  Drone x2  
  66  5:16  Hatchery  
  66  5:17  Overlord x2  
  66  5:19  Zergling x22  
  75  5:49  Baneling Nest  
  74  5:55  Zergling x22  
  85  5:57  Hatchery  
  85  5:58  Hatchery  
  83  6:15  Drone x5, Spore Crawler  
  87  6:35  Zergling x18  
  87  6:36  Zergling x10  
  101  6:40  Queen x3  
  93  6:54  Baneling x9  
  84  7:16  Queen  
  59  7:42  Zergling x2  
  59  7:43  Zergling x28  
  74  8:13  Hatchery  
  74  8:14  Hatchery  
  72  8:21  Zerg Melee Weapons Level 1  
  72  8:26  Zerg Ground Armor Level 1  
  72  9:00  Extractor  
  72  9:02  Extractor  
  70  9:03  Drone x17  
  87  9:11  Baneling x4  
  87  9:14  Baneling  
  87  9:21  Baneling  
  87  9:30  Drone x4  
  87  9:31  Drone x4  
  95  9:33  Extractor  
  95  9:34  Extractor  
  95  9:35  Extractor, Drone  
  93  10:10  Drone x3  
  93  10:11  Drone  
  97  10:18  Overlord x4  
  97  10:27  Zergling x10  
  102  10:30  Zergling x42  
  102  10:31  Zergling x28  
  137  10:37  Baneling x7  
  137  10:38  Baneling x7  
  137  10:43  Overlord x3  
  137  10:44  Overlord x5  
  137  10:50  Lair  
  137  11:17  Zergling x4  
  137  11:18  Zergling x48  
  124  11:35  Zergling x10  
  124  11:36  Zergling x16  
  114  11:54  Zergling x20  
  114  11:55  Zergling x6  
  126  12:02  Drone x5  
  131  12:11  Drone x4  
  135  12:17  Baneling x12  
  135  12:25  Spire  
  135  12:27  Zerg Melee Weapons Level 2  
  134  12:32  Centrifical Hooks  
  134  12:47  Drone x3  
  134  12:50  Baneling x4  
  134  12:51  Baneling  
  137  12:52  Zergling x2  
  137  12:53  Zergling x20  
  148  13:07  Zerg Ground Armor Level 2  
  148  13:09  Zergling x16  
  148  13:10  Zergling x4  
  158  13:23  Baneling x4  
  158  13:29  Zergling x30  
  158  13:30  Zergling x2  
  174  14:14  Hatchery  
  174  14:15  Baneling x22  
  174  14:16  Baneling x3  
  173  14:19  Zergling x2  
  173  14:20  Zergling x34  
  173  14:21  Hatchery, Zergling x2  
  191  14:31  Zerg Flyer Weapons Level 1  
  191  14:38  Hatchery  
  191  14:43  Infestation Pit  
  139  15:27  Corruptor x15  
  139  15:28  Corruptor x3  
  139  15:36  Zergling x14  
  139  15:37  Zergling x4  
  139  15:42  Spore Crawler  
  146  15:43  Spore Crawler  
  145  15:52  Hydralisk Den  
  145  15:53  Spore Crawler  
  145  15:54  Spore Crawler  
  145  15:56  Spore Crawler  
  145  15:57  Spore Crawler  
  140  15:59  Spore Crawler  
  139  16:07  Spore Crawler  
  139  16:08  Spore Crawler x3  
  135  16:12  Spine Crawler  
  135  16:15  Spine Crawler  
  133  16:27  Baneling x13  
  133  16:28  Baneling x4  
  130  16:44  Zergling x6  
  130  16:45  Zergling x16  
  139  16:58  Overseer  
  139  17:02  Overseer  
  139  17:03  Overseer  
Show
View Real Time Build Order
Export as new Build Order

Jeancharles Terran 

Build Orders:  

Get SALT Encoding   

  12  0:01  SCV  
  14  0:14  SCV  
  14  0:20  Supply Depot  
  14  0:26  SCV  
  15  0:33  Refinery  
  15  0:41  SCV  
  16  0:50  Barracks  
  16  0:57  Refinery  
  16  0:59  SCV  
  17  1:11  SCV  
  18  1:23  SCV  
  19  1:38  Orbital Command  
  19  1:41  Factory  
  19  1:53  Barracks Reactor  
  19  1:59  Supply Depot  
  19  2:03  SCV  
  20  2:15  SCV  
  21  2:29  Factory Tech Lab  
  21  2:32  SCV  
  22  2:39  Factory  
  22  2:44  SCV  
  22  2:50  Siege Tank  
  26  2:56  Marine x2, SCV  
  29  3:09  Supply Depot, SCV  
  30  3:21  SCV  
  31  3:33  Siege Tank  
  34  3:35  Hellion x2  
  34  3:36  Barracks Reactor  
  34  3:37  Infernal Pre-Igniter  
  38  3:50  Supply Depot  
  38  3:56  Supply Depot  
  38  4:12  Siege Tank, Hellion x2  
  38  4:13  Supply Depot  
  45  4:27  Supply Depot  
  45  4:34  Hellion x2  
  49  4:44  Siege Tank, Engineering Bay  
  52  4:48  Armory  
  52  4:55  Hellion  
  52  4:59  Hellion  
  56  5:16  Siege Tank, Hellion  
  56  5:20  Hellion  
  63  5:27  Missile Turret  
  63  5:38  Hellion  
  63  5:41  Hellion  
  67  5:56  Supply Depot  
  67  6:11  Siege Tank  
  67  6:12  Starport  
  70  6:22  Supply Depot  
  70  6:47  Siege Tank  
  73  7:00  Command Center  
  71  7:20  Siege Tank  
  42  7:39  Hellion x2  
  42  7:42  Starport Reactor  
  46  7:48  Marine x2  
  48  7:52  Siege Tank  
  48  7:58  SCV  
  52  8:01  Hellion x2  
  56  8:05  Marine  
  56  8:06  Marine  
  56  8:08  Bunker  
  56  8:10  SCV  
  59  8:22  Hellion x2, SCV  
  64  8:38  Siege Tank  
  67  8:43  Hellion  
  67  8:44  Hellion  
  71  8:48  SCV  
  71  8:51  Refinery  
  72  9:01  Refinery  
  72  9:05  Hellion x2  
  76  9:10  Viking  
  78  9:23  Siege Tank  
  81  9:26  Hellion x2  
  85  9:34  Orbital Command  
  85  9:41  SCV  
  86  9:48  Hellion  
  86  9:49  Missile Turret  
  86  9:51  Medivac  
  86  9:52  Viking  
  92  9:53  SCV  
  92  9:55  Siege Tank  
  96  10:05  Hellion  
  98  10:07  SCV  
  98  10:10  SCV  
  100  10:19  SCV  
  101  10:33  Supply Depot  
  101  10:38  Supply Depot  
  101  10:43  SCV  
  101  10:45  Supply Depot  
  102  10:55  Medivac, Hellion x2, SCV  
  112  11:10  Thor  
  115  11:17  Hellion x2  
  62  12:02  Siege Tank  
  62  12:04  Hellbat  
  62  12:05  Hellbat  
  69  12:19  Starport  
  69  12:21  Starport  
  69  12:25  Liberator  
  69  12:26  Hellbat x2, Liberator, SCV x2  
  75  12:34  Siege Tank  
  78  12:38  SCV x2  
  86  12:47  Hellbat x2  
  86  12:48  Fusion Core  
  86  12:50  SCV  
  91  13:09  Hellbat x2  
  95  13:16  Starport Tech Lab  
  98  13:20  Siege Tank, Starport Tech Lab  
  98  13:25  Viking  
  98  13:26  Viking  
  102  13:30  Hellbat x2  
  102  13:31  Supply Depot  
  106  13:44  Battlecruiser x2  
  118  13:49  Weapon Refit  
  118  13:51  Hellbat  
  118  13:52  Siege Tank  
  123  13:56  Supply Depot x2  
  123  13:59  Supply Depot  
  123  14:05  Hellbat  
  123  14:07  Viking x2  
  129  14:13  Hellbat  
  131  14:18  Supply Depot  
  134  14:24  Siege Tank  
  134  14:26  Hellbat  
  136  14:34  Hellbat  
  136  14:37  Medivac x2  
  142  14:48  Battlecruiser  
  142  14:52  Battlecruiser  
  154  15:03  Siege Tank  
  154  15:05  Hellbat  
  128  15:19  Supply Depot  
  95  15:48  Supply Depot  
  95  15:53  Battlecruiser  
  95  15:55  Supply Depot  
  101  15:57  Supply Depot  
  101  15:58  Supply Depot  
  101  16:06  Hellbat x2  
  105  16:27  Hellbat  
Tags
 
Add a new tag
Caveats
  • Supply blocks, unpowered buildings, or Contaminate may cause inaccurate times.
  • Supply counts are checked every 10 seconds.